 Dungeon Crawl Stone Soup version 0.30-a0-989-g0d87f670db (webtiles) character file.

Game seed: 15824929060901300457

166 jtron the Trooper (level 5, 0/55 HPs)
             Began as an Ogre Monk on Apr 3, 2023.
             Was a Believer of Cheibriados.
             Shot with an arrow by a centaur (1 damage)
             ... on level 4 of the Dungeon.
             The game lasted 00:07:37 (2804 turns).

jtron the Trooper (Ogre Monk)                       Turns: 2804, Time: 00:07:38

Health: 0/55       AC:  4    Str: 19    XL:     5   Next: 47%
Magic:  6/6        EV: 11    Int: 17    God:    Cheibriados [**....]
Gold:   126        SH:  0    Dex: 15    Spells: 4/6 levels left

rFire   + . .      SeeInvis .    a - +0 spear (heavy)
rCold   . . .      Faith    .    (no shield)
rNeg    . . .      Spirit   .    b - +1 robe
rPois   .          Reflect  .    (helmet restricted)
rElec   .          Rampage  .    (no cloak)
rCorr   .                        (gloves unavailable)
Will    .....                    (boots unavailable)
Stlth   ++                       (no amulet)
HPRegen 0.29/turn                n - ring of protection from fire
MPRegen 0.10/turn                (no ring)

@: invisible, very slow
A: large, unfitting armour, tough skin 1
a: Renounce Religion, Bend Time


You were on level 4 of the Dungeon.
You worshipped Cheibriados.
Cheibriados was pleased with you.
You visited 1 branch of the dungeon, and saw 4 of its levels.

You collected 156 gold pieces.
You spent 30 gold pieces at shops.

Inventory:

Hand Weapons
 a - a +0 heavy spear (weapon)
Missiles
 i - 15 stones (quivered)
Armour
 b - a +1 robe (worn)
Magical Staves
 q - a staff of death
Jewellery
 e - a ring of ice
 n - a ring of protection from fire (left hand)
 r - an amulet of magic regeneration
Wands
 k - a wand of quicksilver (10)
Scrolls
 d - a scroll of fog
 f - 3 scrolls of silence
 m - 2 scrolls of fear
Potions
 c - a potion of ambrosia
 g - 2 potions of lignification
 h - a potion of mutation
 j - a potion of brilliance {unknown}
 l - 2 potions of invisibility
 o - 2 potions of heal wounds {unknown}
 p - 2 potions of curing {unknown}


   Skills:
 + Level 4.5 Fighting
 * Level 4.2 Polearms
 + Level 3.1 Dodging
 - Level 2.0 Stealth
 * Level 1.2 Spellcasting
 * Level 2.0 Translocations


You had 4 spell levels left.
You knew the following spells:

 Your Spells              Type           Power      Damage    Failure   Level
a - Blink                 Tloc           16%        N/A       14%         2

Your spell library contained the following spells:

 Spells                   Type           Power      Damage    Failure   Level
 Lesser Beckoning         Tloc           16%        N/A       14%         2
 Momentum Strike          Conj/Tloc      8%         3d8       21%         2
 Kindle Blastsparks       Fire/Tloc/Air  6%         2d10      43%         3
 Inner Flame              Hex/Fire       1%         N/A       54%         3
 Iskenderun's Mystic Bla  Conj/Tloc      4%         2d3       80%         4
 Cause Fear               Hex            0%         N/A       91%         4
 Fulminant Prism          Conj/Hex       0%         3d5       91%         4
 Lee's Rapid Deconstruct  Erth           0%         3d4*      99%         5
 Discord                  Hex            0%         N/A       100%        8


Dungeon Overview and Level Annotations

Branches:
Dungeon (4/15)
 Temple: D:4-7

Altars:
Cheibriados
Makhleb
Uskayaw
The Shining One

Shops:
D:4 [[


Innate Abilities, Weirdness & Mutations

You are too large for most types of armour.
You have tough skin. (AC +1)


Message History

No target in view!
No target in view!
n - a ring of protection from fire
Found a pair of runed gloves.
n - a ring of protection from fire (left hand)
A centaur comes into view.
The centaur shouts!
The centaur wields a +1 shortbow of flaming.
It bursts into flame!
The centaur shoots an arrow.
The arrow hits you! The arrow burns you.
The centaur shoots an arrow.
The arrow hits you!
The centaur shoots an arrow.
The arrow hits you! The arrow burns you.
You are too injured to fight recklessly!
You are too injured to fight recklessly!
You are too injured to fight recklessly!
You are too injured to fight recklessly!
You are too injured to fight recklessly!
You are too injured to fight recklessly!
You are too injured to fight recklessly!
You are too injured to fight recklessly!
You are too injured to fight recklessly!
You are too injured to fight recklessly!
You are too injured to fight recklessly!
You are too injured to fight recklessly!
You are too injured to fight recklessly!
You are too injured to fight recklessly!
You are too injured to fight recklessly!
You are too injured to fight recklessly!
You are too injured to fight recklessly!
You are too injured to fight recklessly!
You fade into invisibility!
The centaur shoots an arrow.
The arrow hits you!
* * * LOW HITPOINT WARNING * * *
The arrow burns you.
* * * LOW HITPOINT WARNING * * *
The centaur shoots an arrow.
The arrow hits you.
* * * LOW HITPOINT WARNING * * *
The centaur shoots an arrow.
The arrow hits you!
* * * LOW HITPOINT WARNING * * *
The arrow burns you.
You die...

## .# ## ###
# +.# # #.#
## #.# .#
#c# ## #.#
.# #@# .#
#.# .# ####
### #.# .#
#..#
#.#####.#
.####..#
#.......#
.......#
#.#######
.##...## #.#
.##.### #.#
....######.#


You could see a centaur (unable to see you).

Vanquished Creatures
  A hound (D:4)
  Jessica (D:3)
  3 adders
  A worm (D:2)
  A dart slug (D:3)
  2 orcs
  13 endoplasms
  4 giant cockroaches
  4 goblins
  7 hobgoblins
  2 quokkas (D:1)
  7 ball pythons
  6 bats
  7 frilled lizards
  7 kobolds
  9 rats
75 creatures vanquished.

Notes
Turn   | Place    | Note
-------+----------+-------------------------------------------
     0 | D:1      | jtron the Ogre Monk began the quest for the Orb.
     0 | D:1      | Reached XP level 1. HP: 24/24 MP: 1/1
   254 | D:1      | Reached XP level 2. HP: 32/32 MP: 2/2
   677 | D:1      | Reached XP level 3. HP: 40/40 MP: 4/4
   680 | D:1      | Learned a level 2 spell: Blink
  1375 | D:2      | Reached skill level 1 in Translocations
  1378 | D:2      | Reached XP level 4. HP: 49/49 MP: 5/5
  1430 | D:2      | Found a glowing golden altar of the Shining One.
  1555 | D:2      | Reached skill level 1 in Spellcasting
  1904 | D:3      | Noticed Jessica
  1911 | D:3      | Killed Jessica
  2115 | D:3      | Found a hide-covered altar of Uskayaw.
  2122 | D:3      | Found a snail-covered altar of Cheibriados.
  2155 | D:3      | Found a faded altar of an unknown god.
  2200 | D:3      | Became a worshipper of Cheibriados the Contemplative
  2200 | D:3      | Reached * piety under Cheibriados
  2200 | D:3      | Reached ** piety under Cheibriados
  2203 | D:4      | Found a burning altar of Makhleb.
  2203 | D:4      | Found Texobanuwn's Antique Armour Shoppe.
  2210 | D:4      | Bought a robe for 15 gold pieces
  2210 | D:4      | Bought a robe for 15 gold pieces
  2213 | D:4      | Reached XP level 5. HP: 54/55 MP: 4/6
  2417 | D:4      | Found Kigegrob's Antique Armour Shop.
  2800 | D:4      | Noticed a centaur
  2804 | D:4      | HP: 1/55 [centaur/arrow (13)]
  2804 | D:4      | Shot with an arrow by a centaur

Illustrated notes

Levels and vault maps discovered:
D:1:      scummos_arrival_star, layout_loops_ring, minmay_tripent
D:2:      layout_rooms, serial_glass, glass_columns_b, glass_columns_b,
          basic_altar
D:3:      layout_loops_cross, general_overflow_altar,
          nicolae_overflow_hidden_temple, lemuel_doored_altar,
          shapermc_ecumenical_altar_acropolis, hex_large, uniq_jessica
D:4:      layout_loops_ring, bloody_makhleb, serial_shops,
          nicolae_stop_n_shop_1, shop, kennysheep_generic_room_2, uniq_robin

Skill      XL: |  1  2  3  4  5 |
---------------+----------------+-----
Translocations | 1 2 |  2.0
Spellcasting   | 1 |  1.2
Polearms       | 4 |  4.2
Dodging        | 3 |  3.1
Stealth        | 2 |  2.0
Fighting       | |  4.5

Action                     |  1- 3 |  4- 6 || total
---------------------------+-------+-------++-------
  Melee: Spear             |   189 |    91 ||   280
         Punch             |     1 |       ||     1
  Throw: Stone             |     4 |     8 ||    12
   Cast: Blink             |       |     4 ||     4
  Evoke: Wand              |     1 |       ||     1
    Use: Scroll            |     7 |     5 ||    12
         Potion            |       |     1 ||     1
   Stab: Sleeping          |    11 |     6 ||    17
 Armour: Robe              |    42 |    23 ||    65
  Dodge: Dodged            |    84 |    33 ||   117

Table legend: (Time is in decaauts)
 A = Elapsed time spent in this place.
 B = Non-inter-level travel time spent in this place.
 C = Inter-level travel time spent in this place.
 D = Time resting spent in this place.
 E = Time spent auto-exploring this place.
 F = Levels seen in this place.
 G = Mean time per level.
                   A        B        C        D        E       F      G
               +--------+--------+--------+--------+--------+-----+--------+
         Total |   3020 |   2979 |     41 |    219 |   2021 |   4 |  755.0 |
       Dungeon |   3020 |   2979 |     41 |    219 |   2021 |   4 |  755.0 |
               +--------+--------+--------+--------+--------+-----+--------+

Top non-repeatable levels by time:
     D:1: 937 daAuts
     D:4: 738 daAuts
     D:3: 672 daAuts
     D:2: 671 daAuts
